 Dungeon Crawl Stone Soup version 0.30-a0-377-g5cb311bc9f (webtiles) character file.

Game seed: 336332489074764422

225 pokeman the Magician (level 5, 0/43 HPs)
             Began as a Deep Elf Hedge Wizard on Dec 1, 2022.
             Succumbed to a water moccasin's poison
             ... on level 4 of the Dungeon.
             The game lasted 00:04:13 (3436 turns).

pokeman the Magician (Deep Elf Hedge Wizard)        Turns: 3436, Time: 00:04:14

Health: 0/43       AC: 22    Str:  7    XL:     5   Next: 68%
Magic:  5/16       EV:  2    Int: 21    God:
Gold:   184        SH:  0    Dex: 14    Spells: 9/17 levels left

rFire   . . .      SeeInvis .    g - +2 dagger (venom)
rCold   . . .      Faith    .    (no shield)
rNeg    . . .      Spirit   .    (body armour currently unavailable)
rPois   +          Reflect  .    (helmet currently unavailable)
rElec   .          Harm     .    (cloak currently unavailable)
rCorr   .          Rampage  .    (gloves currently unavailable)
Will    .....      NoTele   +    (boots currently unavailable)
Stlth   ++........               (no amulet)
HPRegen 0.27/turn                (no ring)
MPRegen 0.15/turn                (no ring)

@: lethally poisoned (0 -> -11), tree-form, on blink cooldown, very slightly
contaminated
A: stationary, stasis, torment immunity, boosted hp
a: no special abilities


You were on level 4 of the Dungeon.
You were a tree.
You visited 1 branch of the dungeon, and saw 4 of its levels.

You collected 184 gold pieces.

Inventory:

Hand Weapons
 g - a +2 dagger of venom (weapon)
Armour
 b - the +4 ring mail of Theory {rElec rF+ rC+}
   (You found it on level 2 of the Dungeon)

   rF:        It protects you from fire.
   rC:        It protects you from cold.
   rElec:     It insulates you from electricity.
 c - a +0 hat (melded)
 i - a +0 leather armour (melded)
 n - a +0 buckler
Magical Staves
 l - a staff of earth
Jewellery
 s - an amulet of faith
Wands
 u - a wand of mindburst (9)
Scrolls
 a - 3 scrolls of teleportation {unknown}
 f - 2 scrolls of fear {unknown}
 h - 2 scrolls of noise {unknown}
 j - 2 scrolls of amnesia {unknown}
 k - 2 scrolls of enchant weapon {unknown}
 m - 3 scrolls of identify {unknown}
 q - a scroll of blinking {unknown}
 r - a scroll of poison {unknown}
 v - a scroll of vulnerability {unknown}
Potions
 d - a potion of magic
 e - a potion of lignification
 o - a potion of berserk rage {unknown}
 p - 2 potions of flight {unknown}
 t - 2 potions of curing {unknown}
 w - a potion of mutation {unknown}


   Skills:
 - Level 1.0 Fighting
 - Level 1.0 Armour
 - Level 3.0 Dodging
 - Level 3.3 Stealth
 + Level 0.8 Shields
 * Level 6.5 Spellcasting
 + Level 2.8 Conjurations
 - Level 1.1 Summonings
 - Level 1.1 Translocations
 + Level 0.0 Evocations


You had 9 spell levels left.
You knew the following spells:

 Your Spells              Type           Power      Damage    Failure   Level
a - Magic Dart            Conj           72%        1d6       2%          1
b - Mephitic Cloud        Conj/Pois/Air  10%        N/A       19%         3
c - Call Imp              Summ           11%        N/A       9%          2
d - Blink                 Tloc           22%        N/A       9%          2

Your spell library contained the following spells:

 Spells                   Type           Power      Damage    Failure   Level
 Slow                     Hex            24%        N/A       10%         1
 Cigotuvi's Dreadful Rot  Necr/Pois/Air  12%        N/A       14%         2
 Hailstorm                Conj/Ice       12%        3d5       16%         3
 Ice Form                 Ice/Tmut       6%         N/A       67%         4
 Simulacrum               Ice/Necr       3%         N/A       100%        6


Dungeon Overview and Level Annotations

Branches:
Dungeon (4/15)
 Temple: D:4-7

Altars:
Ashenzari


Message History

The water moccasin bites you but does no damage.
The water moccasin bites you.
You are poisoned.
The water moccasin poisons you!
Unknown command.
Casting: Magic Dart (safe; 4% risk of failure)
Confirm with . or Enter, or press ? or * to list all spells.
You miscast Blink.
Nothing appears to happen.
You feel very sick. The water moccasin bites you.
You are lethally poisoned!
The water moccasin poisons you!
Casting: Blink (safe; 13% risk of failure)
Confirm with . or Enter, or press ? or * to list all spells.
You blink.
* * * LOW HITPOINT WARNING * * *
You feel very sick.
Aiming: Magic Dart (safe; 4% risk of failure)
Press: ? - help, Q - select action, (/) - cycle Shift-Dir - straight line, f/p - water moccasin
Aim: a water moccasin (lightly wounded, 100% to hit)
Okay, then.
Unknown command.
Unknown command.
Casting: Magic Dart (safe; 4% risk of failure)
Confirm with . or Enter, or press ? or * to list all spells.
A beastly little devil appears in a puff of frigid air.
* * * LOW HITPOINT WARNING * * *
You feel very sick.
Unknown command.
It was a potion of lignification.
You turn into a tree.
Your +0 hat melds into your body.
Your +0 leather armour melds into your body.
Your roots penetrate the ground.
* * * LOW HITPOINT WARNING * * *
You feel very sick.
The water moccasin bites you but does no damage.
Your white imp hits the water moccasin but does no damage.
You barely miss the water moccasin.
The water moccasin is lightly wounded.
You die...

#####
##.....
.....#
.....#
.....## ..
##......#
.###.#
#♣.......
.....#
#S5.....#
#..#
#.##+##.#
#... #.#
#... #.# #
#>.. #.#
#.#####
#.#
#......
########.#
#......
#........#
#......


You could see a water moccasin (ally target) and a friendly white imp
(summoned).

Vanquished Creatures
  A black bear (D:4)
  4 gnolls (D:4)
  4 adders
  2 dart slugs
  An orc (D:4)
  5 bats
  6 endoplasms
  3 giant cockroaches
  3 goblins
  7 hobgoblins
  3 ball pythons
  4 frilled lizards (D:2)
  10 kobolds
  7 rats
60 creatures vanquished.

Notes
Turn   | Place    | Note
-------+----------+-------------------------------------------
     0 | D:1      | pokeman the Deep Elf Hedge Wizard began the quest for the
                  | Orb.
     0 | D:1      | Reached XP level 1. HP: 10/10 MP: 7/7
   345 | D:1      | Reached XP level 2. HP: 15/15 MP: 6/9
  1318 | D:2      | Reached skill level 5 in Spellcasting
  1370 | D:2      | Reached XP level 3. HP: 20/20 MP: 7/11
  1374 | D:2      | Learned a level 3 spell: Mephitic Cloud
  1377 | D:2      | Learned a level 2 spell: Call Imp
  1380 | D:2      | Learned a level 2 spell: Blink
  1416 | D:2      | Found a broken altar of Ashenzari.
  1677 | D:2      | Identified the +4 ring mail of Theory {rElec rF+ rC+}
  1718 | D:2      | Reached skill level 1 in Armour
  1740 | D:2      | Reached skill level 1 in Fighting
  2229 | D:3      | Reached XP level 4. HP: 25/25 MP: 10/13
  2616 | D:3      | Found a faded altar of an unknown god.
  3179 | D:4      | Reached skill level 6 in Spellcasting
  3298 | D:4      | Noticed a black bear
  3306 | D:4      | Killed a black bear
  3307 | D:4      | Reached XP level 5. HP: 14/29 MP: 10/16
  3420 | D:4      | Noticed a water moccasin
  3436 | D:4      | Succumbed to a water moccasin's poison

Illustrated notes

Levels and vault maps discovered:
D:1:      roderic_crop_circles_arrival_large, layout_loops_corners,
          minmay_pentomino_q2
D:2:      layout_loops_cross, basic_altar
D:3:      layout_rooms, ebering_ecumenical_altar_mist
D:4:      layout_basic, kennysheep_vampire_church,
          minmay_temple_entry_enclosed_plants

Skill      XL: |  1  2  3  4 |
---------------+-------------+-----
Spellcasting   | 5 6 |  6.5
Conjurations   | 2 |  2.8
Armour         | 1 |  1.0
Fighting       | 1 |  1.0
Dodging        | 3 |  3.0
Stealth        | 3 |  3.3
Shields        | |  0.8
Summonings     | |  1.1
Translocations | |  1.1

Action                   |  1- 3 |  4- 6 || total
-------------------------+-------+-------++-------
Melee: Dagger            |     2 |    19 ||    21
 Cast: Magic Dart        |    96 |    35 ||   131
       Mephitic Cloud    |       |     5 ||     5
       Call Imp          |       |     2 ||     2
       Blink             |       |     1 ||     1
  Use: Potion            |       |     1 ||     1
 Stab: Sleeping          |     2 |       ||     2
       Confused          |       |     3 ||     3
Armor: Robe              |     3 |       ||     3
       Leather armour    |     1 |     2 ||     3
       Skin              |       |     1 ||     1
Dodge: Dodged            |    17 |    14 ||    31

Table legend: (Time is in decaauts)
 A = Elapsed time spent in this place.
 B = Non-inter-level travel time spent in this place.
 C = Inter-level travel time spent in this place.
 D = Time resting spent in this place.
 E = Time spent auto-exploring this place.
 F = Levels seen in this place.
 G = Mean time per level.
                   A        B        C        D        E       F      G
               +--------+--------+--------+--------+--------+-----+--------+
         Total |   3434 |   3333 |    101 |      0 |   2970 |   4 |  858.5 |
       Dungeon |   3434 |   3333 |    101 |      0 |   2970 |   4 |  858.5 |
               +--------+--------+--------+--------+--------+-----+--------+

Top non-repeatable levels by time:
     D:1: 1267 daAuts
     D:2: 920 daAuts
     D:4: 744 daAuts
     D:3: 501 daAuts
